 Dungeon Crawl Stone Soup version 0.27.0-1-g7a089689b8 (webtiles) character file.

Game seed: 6601496179856203211

10 Strat the Skirmisher (level 2, 0/24 HPs)
             Began as a Demonspawn Fighter on Aug 10, 2021.
             Slain by a jackal (2 damage)
             ... on level 1 of the Dungeon.
             The game lasted 00:00:51 (204 turns).

Strat the Skirmisher (Demonspawn Fighter)            Turns: 204, Time: 00:00:51

Health: 0/24       AC:  8    Str: 16    XL:     2   Next: 10%
Magic:  2/2        EV:  4    Int:  9    God:
Gold:   0          SH:  8    Dex: 12    Spells: 1/1 levels left

rFire    . . .     SeeInvis .   a - +0 flail
rCold    . . .     Faith    .   c - +0 kite shield
rNeg     . . .     Spirit   .   e - +0 chain mail
rPois    .         Reflect  .   (no helmet)
rElec    .         Harm     .   (no cloak)
rCorr    .         Rampage  .   (no gloves)
Will     .....                  (no boots)
Stlth    ..........             (no amulet)
HPRegen  0.08/turn              (no ring)
MPRegen  0.08/turn              (no ring)

@: no status effects
A: powered by pain 1
a: no special abilities


You were on level 1 of the Dungeon.
You visited 1 branch of the dungeon, and saw 1 of its levels.

Inventory:

Hand Weapons
 a - a +0 flail (weapon)
Armour
 b - a +0 scale mail
 c - a +0 kite shield (worn)
 e - a +0 chain mail (worn)
Potions
 d - a potion of might


   Skills:
 - Level 3.0 Fighting
 + Level 2.5 Maces & Flails
 - Level 2.6 Armour
 - Level 2.6 Shields


You had one spell level left.
You didn't know any spells.
Your spell library was empty.

Dungeon Overview and Level Annotations

Branches:
Dungeon (1/15)

Altars:


Innate Abilities, Weirdness & Mutations

You sometimes gain a little power by taking damage.


Message History

The jackal bites you but does no damage.
You closely miss the jackal. You block the jackal's attack.
The jackal bites you but does no damage.
You closely miss the jackal. The jackal bites you.
* * * LOW HITPOINT WARNING * * *
You block the jackal's attack.
You hit the jackal but do no damage. The jackal closely misses you.
The jackal bites you but does no damage.
Your shield and chain mail prevent you from hitting the jackal.
You block the jackal's attack.
The jackal bites you but does no damage.
You hit the jackal.
You kill the jackal!
The jackal bites you but does no damage.
You closely miss the jackal.
The jackal bites you but does no damage.
The jackal bites you.
* * * LOW HITPOINT WARNING * * *
You barely miss the jackal. The jackal bites you.
* * * LOW HITPOINT WARNING * * *
The jackal bites you but does no damage.
You block the jackal's attack.
Your shield and chain mail prevent you from hitting the jackal.
The jackal bites you but does no damage.
The jackal barely misses you.
You barely miss the jackal. You block the jackal's attack.
The jackal bites you but does no damage.
Your chain mail prevents you from hitting the jackal.
The jackal completely misses you. You block the jackal's attack.
Your shield and chain mail prevent you from hitting the jackal.
The jackal barely misses you.
The jackal bites you but does no damage.
You closely miss the jackal. The jackal barely misses you.
The jackal bites you but does no damage.
You closely miss the jackal. You block the jackal's attack.
The jackal barely misses you. You block the jackal's attack.
Your chain mail prevents you from hitting the jackal.
The jackal bites you but does no damage.
The jackal bites you.
You die...

### # #...# #
#.#.# ...
#.#.#.# ..#.#
.#... # #.#.#
.B. #. #.#.# #h#
#..###.#.#####@#
......#.......#
#. #......#####
#.##......#
#..#......#
##.#......# .
#.....##### .#
#.....# .#
#.....#


You could see a jackal and a giant cockroach.

Vanquished Creatures
  A dart slug (D:1)
  An endoplasm (D:1)
  2 jackals (D:1)
  A kobold (D:1)
  A quokka (D:1)
  A frilled lizard (D:1)
7 creatures vanquished.

Notes
Turn   | Place    | Note
-------+----------+-------------------------------------------
     0 | D:1      | Strat the Demonspawn Fighter began the quest for the Orb.
     0 | D:1      | Reached XP level 1. HP: 18/18 MP: 1/1
   189 | D:1      | Gained mutation: You sometimes gain a little power by
                  | taking damage. [demonic ancestry]
   189 | D:1      | Reached XP level 2. HP: 6/24 MP: 2/2
   197 | D:1      | HP: 1/24 [jackal (2)]
   204 | D:1      | Slain by a jackal

Illustrated notes

Levels and vault maps discovered:
D:1:      pf_arrival_petrified_forest, layout_basic

Skill      XL: |  1 |
---------------+----+-----
Maces & Flails | 2 |  2.5
Fighting       | |  3.0
Armour         | |  2.6
Shields        | |  2.6

Action                   || total
-------------------------++-------
Melee: Flail             ||    40
Armor: Chain mail        ||    23
       Scale mail        ||     2
Dodge: Dodged            ||     9
Block: Kite shield       ||    19
